 Dungeon Sprint DCSS version 0.20-a0-1121-gbb42413 (webtiles) character file.

209 potatolord6000 the Cleaver (level 9, -13/78 HPs)
             Began as a Formicid Fighter on May 10, 2017.
             Was an Initiate of Gozag.
             Killed from afar by Aizul (27 damage)
             ... with a bolt of poison
             ... in the Dungeon (Sprint VI: "Thunderdome").
             The game lasted 00:07:35 (694 turns).

potatolord6000 the Cleaver (Formicid Fighter)        Turns: 694, Time: 00:07:38

Health: -13/78     AC: 18    Str: 24    XL:     9   Next: 58%
Magic:  9/9        EV: 11    Int: 10    God:    Gozag
Gold:   18         SH: 27    Dex: 10    Spells: 8/8 levels left

rFire    + . .     SeeInvis +   b - +8 executioner's axe
rCold    + + .     Gourm    .   g - +8 large shield "Nueroujoh" {rF+ SInv}
rNeg     + + .     Faith    .   e - +3 scale mail "Zalou" {+Fly}
rPois    .         Spirit   .   (helmet unavailable)
rElec    +         Reflect  .   j - +2 cloak of Pooczeps {*Contam rN++ Regen+ rCorr}
rCorr    +         Harm     .   d - +0 pair of gloves of the Abyss {rC+ Int+2}
MR       .....                  h - +0 pair of boots of Soov {rElec rC+ Regen+ Stlth+}
Stlth    +.........             (no amulet)
Regen    1.1/turn               (no ring)
MPRegen  0.2/turn               (no ring)

@: lethally poisoned (-13 -> -14)
A: permanent stasis, dig shafts and tunnels, four strong arms, antennae 3
a: Dig, Potion Petition, Call Merchant, Bribe Branch, Renounce Religion, Evoke
Flight


You were in the Dungeon.
You worshipped Gozag.
Gozag was noncommittal.
You were not hungry.

You visited 1 branch You collected 2561 gold pieces.
You spent 2543 gold pieces at shops.

Inventory:

Hand Weapons
 b - a +8 executioner's axe (weapon)
Armour
 d - the +0 pair of gloves of the Abyss (worn) {rC+ Int+2}
   (You bought it in a shop in the Dungeon)

   It affects your intelligence (+2).
   It protects you from cold.
 e - the +3 scale mail "Zalou" (worn) {+Fly}
   (You bought it in a shop in the Dungeon)

   It lets you fly.
 g - the +8 large shield "Nueroujoh" (worn) {rF+ SInv}
   (You bought it in a shop in the Dungeon)

   It protects you from fire.
   It lets you see invisible.
 h - the +0 pair of boots of Soov (worn) {rElec rC+ Regen+ Stlth+}
   (You bought it in a shop in the Dungeon)

   It protects you from cold.
   It insulates you from electricity.
   It increases your rate of regeneration.
   It makes you more stealthy.
 j - the +2 cloak of Pooczeps (worn) {*Contam rN++ Regen+ rCorr}
   (You bought it in a shop in the Dungeon)

   It greatly protects you from negative energy.
   It causes magical contamination when unequipped.
   It increases your rate of regeneration.
   It protects you from acid and corrosion.
Scrolls
 l - 3 scrolls of fog
Potions
 i - 2 potions of magic
 m - a potion of resistance
Comestibles
 f - a bread ration


   Skills:
 + Level 9.7 Fighting
 + Level 12.4 Axes
 + Level 10.4 Armour
 + Level 4.9 Dodging
 + Level 12.0 Shields


You had 8 spell levels left.
You didn't know any spells.

Dungeon Overview and Level Annotations

Branches:
Dungeon (1/1)

Altars:
Cheibriados
Dithmenos
Fedhas
Gozag
Kikubaaqudgha
Makhleb
Okawaru
Qazlal
Ru
Sif Muna
Trog
Uskayaw
Vehumet
Wu Jian
Xom
Yredelemnul
Zin
The Shining One
Beogh
Jiyva
Lugonu

Shops:
D *[%??*?*:[((!!!!

Annotations:
D Aizul


Innate Abilities, Weirdness & Mutations

You cannot be hasted, slowed, berserked, paralysed or teleported.
You can dig through walls and to a lower floor.
Your four strong arms can wield two-handed weapons with a shield.
You have a pair of large antennae on your head. (SInv)


Message History

Aizul says, "Everybody has to sleep sometimes."
Aizul coils herself and waves her upper body at you.
You fall asleep.
Aizul hits you but does no damage.
You feel sick. Aizul hits you!!!
You wake up.
Ouch! That really hurt!
* * * LOW HITPOINT WARNING * * *
Aizul yawns, and then pretends she didn't.
You block Aizul's attack.
You miss Aizul.
Aizul is heavily wounded.
You feel sick. You block Aizul's attack. x2
You closely miss Aizul.
Aizul is heavily wounded.
You feel sick.
Aizul coils herself and waves her upper body at you.
The bolt of poison hits you!
You are more poisoned.
You die...
Your body crumbles into a pile of gold.

##(⌠⌠## #.(...# ##.(...##
##∩.....∩## #∩..()...∩#
#_.)....._# #_.)......#
#_........# ###.@.......###
#⌠..S........⌠#
######.8.........8.######
##∩___......###......___∩##
###∩........8.# #.8........∩#
##.............###............
#⌠..........###...###.........
#⌠..........# #.<.# #.........
#⌠.......[..###...###.........


You could see Aizul.

Vanquished Creatures
  A cyclops (D)
  A rime drake (D)
  3 merfolk (D)
  A hippogriff (D)
  Purgy (D)
  4 ice beasts (D)
  A centaur (D)
  2 gnoll sergeants (D)
  2 gnoll shamans (D)
  A hell rat (D)
  2 gnolls (D)
  A river rat (D)
  An adder simulacrum (D)
  2 rats (D)
23 creatures vanquished.

Notes
Turn   | Place    | Note
-------+----------+-------------------------------------------
     0 | D        | potatolord6000 the Formicid Fighter began the quest for the Orb.
     0 | D        | Reached XP level 1. HP: 18/18 MP: 1/1
     2 | D        | Found a viscous altar of Jiyva.
     2 | D        | Found a basalt altar of Yredelemnul.
     3 | D        | Found a burning altar of Makhleb.
     3 | D        | Found a radiant altar of Vehumet.
     4 | D        | Found a stormy altar of Qazlal.
     5 | D        | Found Kaseacan's Identification Station.
     5 | D        | Found an opulent altar of Gozag.
     5 | D        | Found an ornate altar of the Wu Jian Council.
     5 | D        | Found Tualeic's Bee Food.
     5 | D        | Round 1.
     6 | D        | Found Hidust's Advanced Armour.
     6 | D        | Found Rikuiclo's Jewellery.
     9 | D        | Found a shadowy altar of Dithmenos.
    13 | D        | Became a worshipper of Gozag Ym Sagoz the Greedy
    17 | D        | Noticed Purgy
    47 | D        | Killed Purgy
    47 | D        | Reached skill level 5 in Fighting
    47 | D        | Reached skill level 5 in Armour
    47 | D        | Reached XP level 2. HP: 11/28 MP: 2/2
    47 | D        | Reached XP level 3. HP: 13/34 MP: 3/3
    47 | D        | Reached XP level 4. HP: 16/40 MP: 4/4
    56 | D        | Found a bloodstained altar of Trog.
    58 | D        | Found Zeorch Eseicw's Premium Goods.
    60 | D        | Reached skill level 1 in Dodging
    61 | D        | Found Vaosaale's Miscellaneous Merchandise.
    61 | D        | Found Ogrea's Basic Armour.
    82 | D        | Reached XP level 5. HP: 34/46 MP: 5/5
   105 | D        | Bought a pair of smoking gloves for 332 gold pieces
   110 | D        | Identified the +0 pair of gloves of the Abyss {rC+ Int+2} (You bought it in a shop in the Dungeon)
   122 | D        | Found a glowing silver altar of Zin.
   122 | D        | Found a corrupted altar of Lugonu.
   122 | D        | Found a snail-covered altar of Cheibriados.
   122 | D        | Found Feaqoczy's Weapon Rack.
   125 | D        | Arena points: 6 (+6) [x1]
   140 | D        | Round 2.
   155 | D        | Reached skill level 5 in Axes
   165 | D        | Reached XP level 6. HP: 30/53 MP: 6/6
   198 | D        | Bought a pair of spiked boots for 332 gold pieces
   203 | D        | Identified the +0 pair of boots of Soov {rElec rC+ Regen+ Stlth+} (You bought it in a shop in the Dungeon)
   228 | D        | Found a shimmering altar of Xom.
   232 | D        | Found an iron altar of Okawaru.
   235 | D        | Found a hide-covered altar of Uskayaw.
   236 | D        | Found Eceaxidgh's Do-It-Yourself Clinic.
   237 | D        | Found a sacrificial altar of Ru.
   237 | D        | Found a blossoming altar of Fedhas.
   237 | D        | Found a deep blue altar of Sif Muna.
   237 | D        | Found Odaebri's Distillery.
   238 | D        | Found Xopsyr Rerpho's Bottled Wisdom.
   238 | D        | Found Veiloquj's Distillery.
   245 | D        | Found an ancient bone altar of Kikubaaqudgha.
   247 | D        | Found Moikig's Staff Store.
   248 | D        | Found a roughly hewn altar of Beogh.
   248 | D        | Found a glowing golden altar of the Shining One.
   248 | D        | Found Fuxu's Magic Scroll Shop.
   248 | D        | Found Deriq's Must-Have Magic.
   248 | D        | Found Seesm's Magic Scroll Shop.
   271 | D        | Arena points: 34 (+28) [x2]
   325 | D        | Round 3.
   335 | D        | Noticed a merfolk
   358 | D        | Noticed a merfolk
   359 | D        | Killed a merfolk
   359 | D        | Reached skill level 10 in Shields
   359 | D        | Reached XP level 7. HP: 27/60 MP: 7/7
   371 | D        | Killed a merfolk
   371 | D        | Reached XP level 8. HP: 39/68 MP: 8/8
   375 | D        | Noticed a cyclops
   375 | D        | Noticed a merfolk
   382 | D        | Killed a cyclops
   382 | D        | Reached skill level 10 in Axes
   387 | D        | Killed a merfolk
   391 | D        | Noticed a hippogriff
   397 | D        | Reached skill level 10 in Armour
   397 | D        | Reached XP level 9. HP: 30/75 MP: 9/9
   404 | D        | Killed a hippogriff
   404 | D        | Arena points: 97 (+63) [x3]
   433 | D        | Bought a faintly glowing scale mail for 315 gold pieces
   433 | D        | Bought a steaming large shield for 332 gold pieces
   433 | D        | Bought a heavily runed cloak for 332 gold pieces
   438 | D        | Identified the +2 cloak of Pooczeps {*Contam rN++ Regen+ rCorr} (You bought it in a shop in the Dungeon)
   448 | D        | Identified the +3 scale mail "Zalou" {+Fly} (You bought it in a shop in the Dungeon)
   458 | D        | Identified the +8 large shield "Nueroujoh" {rF+ SInv} (You bought it in a shop in the Dungeon)
   477 | D        | Round 4.
   559 | D        | Bought a +0 executioner's axe for 300 gold pieces
   589 | D        | Noticed a rime drake
   596 | D        | Killed a rime drake
   610 | D        | Arena points: 209 (+112) [x4]
   642 | D        | Round 5.
   668 | D        | Bought 8 scrolls of enchant weapon for 600 gold pieces
   679 | D        | Noticed Aizul
   694 | D        | Killed from afar by Aizul

Vault maps used:
D:        arena_sprint

Skill      XL: |  1  2  3  4  5  6  7  8  9 |
---------------+----------------------------+-----
Fighting       | 5 6 7 8 9 |  9.7
Axes           | 4 5 8 9 11 12 | 12.4
Armour         | 5 6 7 8 9 10 | 10.4
Shields        | 6 7 8 10 11 12 | 12.0
Dodging        | 1 3 4 |  4.9

Action                   |  1- 3 |  4- 6 |  7- 9 || total
-------------------------+-------+-------+-------++-------
Melee: War axe           |    18 |    61 |    44 ||   123
       Executioner's axe |       |       |    24 ||    24
Invok: Potion Petition   |       |     1 |       ||     1
  Use: Potion            |     2 |     3 |     1 ||     6
       Scroll            |       |       |     8 ||     8
Armor: Scale mail        |    20 |     9 |    15 ||    44
Dodge: Dodged            |    15 |    22 |     8 ||    45
Block: Shield            |    29 |    39 |    12 ||    80
       Large shield      |       |       |    39 ||    39
